 Dungeon Crawl Stone Soup version 0.17-a0-1987-gaf5a542 (webtiles) character file.

114 dpvblackbelt the Grave Robber (level 4, -3/27 HPs)
             Began as an Octopode Necromancer on Oct 6, 2015.
             Was an Initiate of Gozag.
             Slain by an ogre
             ... wielding a +0 giant club
              (28 damage)
             ... on level 3 of the Dungeon.
             The game lasted 00:11:21 (4118 turns).

dpvblackbelt the Grave Robber (OpNe)                Turns: 4118, Time: 00:11:21

Health: -3/27      AC:  1    Str:  7    XL:     4   Next: 97%
Magic:  16/16      EV: 12    Int: 18    God:    Gozag
Gold:   240        SH:  0    Dex: 12    Spells: 2 memorised, 3 levels left

rFire  . . .     SeeInvis .     i - +1 spear (pain)
rCold  . . .     Clarity  .     (no shield)
rNeg   . . .     SustAt   .     (helmet restricted)
rPois  .         Gourm    .     (no amulet)
rElec  .         Spirit   .     t - ring of magical power {MP+9}
rCorr  .         Warding  .     (no ring)
rMut   .         Stasis   .     (no ring)
MR     .....                    (no ring)
Stlth  +++.......               (no ring)
                                (no ring)
                                (no ring)
                                (no ring)

@: not resistant to hostile enchantments, fairly stealthy
A: almost no armour, amphibious, 8 rings, constrict 8, camouflage 1, gelatinous
body 1
a: Potion Petition, Call Merchant, Bribe Branch, Renounce Religion


You were on level 3 of the Dungeon.
You worshipped Gozag.
Gozag was noncommittal.
You were not hungry.

You visited 1 branch of the dungeon, and saw 3 of its levels.

You collected 270 gold pieces.
You paid 30 gold pieces to Gozag.

Inventory:

Hand Weapons
 d - a +0 short sword
   (You found it on level 1 of the Dungeon)
 g - a +0 club
   (You took it off a hobgoblin on level 1 of the Dungeon)
 i - a +1 spear of pain (weapon)
   (You found it on level 1 of the Dungeon)
Jewellery
 t - a ring of magical power (left tentacle) {MP+9}
   (You found it on level 2 of the Dungeon)
Scrolls
 c - a scroll of remove curse {unknown}
 k - a scroll of recharging {unknown}
 l - a scroll of noise {!r}
 m - a scroll of blinking {unknown}
 n - a scroll of identify {unknown}
 q - a scroll of amnesia {unknown}
 r - a scroll of enchant armour {unknown}
 u - a scroll of teleportation {unknown}
Potions
 e - a potion of flight {unknown}
 f - a potion of invisibility {unknown}
 s - 2 potions of mutation {unknown}
 v - 2 potions of ambrosia {unknown}
Books
 a - a book of Necromancy
Comestibles
 b - a bread ration {@e1}
 h - a beef jerky
 o - 2 slices of pizza
 p - a meat ration {@e2}


   Skills:
 - Level 2.0 Dodging
 - Level 2.6 Stealth
 - Level 2.0 Spellcasting
 + Level 6.1 Necromancy


You had 3 spell levels left.
You knew the following spells:

 Your Spells              Type           Power        Failure   Level  Hunger
a - Pain                  Necr           ###.         1%          1    #......
x - Vampiric Draining     Necr           ###.......   4%          3    ###....


Dungeon Overview and Level Annotations

Branches:
Dungeon (3/15)

Altars:
Gozag
Zin


Innate Abilities, Weirdness & Mutations

You cannot wear most types of armour.
You are amphibious.
You can wear up to eight rings at the same time.
You can use your tentacles to constrict eight enemies at once.
Your skin changes colour to match your surroundings (Stealth).
Your rubbery body absorbs attacks (AC +1).


Message History

A hobgoblin is nearby!
You barely miss the hobgoblin. You grab the hobgoblin.
You squeeze the hobgoblin.
You kill the hobgoblin!
You now have 202 gold pieces (gained 4).
You see here a club.
You now have 207 gold pieces (gained 5).
You see here a club.
Found a faded altar to an unknown god.
You now have 218 gold pieces (gained 11).
Health restored: 27 No target in view!
No target in view!
No target in view!
No target in view!
No target in view!
You open the door.
There is an open door here.
A giant cockroach comes into view.
The giant cockroach misses you.
You barely miss the giant cockroach. You grab the giant cockroach.
You squeeze the giant cockroach. You constrict the giant cockroach.
The giant cockroach misses you.
A giant cockroach is nearby!
You completely miss the giant cockroach.
You constrict the giant cockroach.
The giant cockroach bites you but does no damage.
A giant cockroach is nearby!
You barely miss the giant cockroach. You constrict the giant cockroach.
You kill the giant cockroach!
You now have 221 gold pieces (gained 3).
You see here a club.
A kobold comes into view.
A kobold is nearby!
A kobold is nearby!
A kobold is nearby!
A kobold is nearby!
Attack whom?
Aim: a kobold (resting)
You reach to attack!
The helpless kobold fails to defend itself.
You hit the kobold.
The kobold writhes in agony.
You kill the kobold!
You now have 227 gold pieces (gained 6).
A kobold comes into view. It is wielding a dagger.
A kobold is nearby!
A kobold is nearby!
A kobold is nearby!
A kobold is nearby!
Attack whom?
Aim: a kobold, wielding a dagger (resting)
You reach to attack!
The helpless kobold fails to defend itself.
You hit the kobold.
You kill the kobold!
You now have 233 gold pieces (gained 6).
You see here a dagger.
v - 2 bubbling purple potions No target in view!
You now have 240 gold pieces (gained 7).
A kobold comes into view.
The kobold shouts!
An ogre comes into view. It is wielding a giant club.
A giant newt and a bat come into view.
There are monsters nearby!
There are monsters nearby!
Attack whom?
Aim: a kobold You reach to attack!
You hit the kobold but do no damage.
The kobold writhes in agony.
You kill the kobold!
There are monsters nearby!
The ogre is distracted by the nearby gold.
Found a stone staircase leading up.
There are monsters nearby!
Attack whom?
Aim: an ogre, wielding a giant club (hasn't noticed you)
You reach to attack!
The ogre shouts!
You hit the ogre.
The ogre is no longer distracted by gold.
The ogre closely misses you.
There are monsters nearby!
You barely miss the ogre. The bat completely misses you.
A quokka comes into view.
The bat hits you.
You take 1 damage, and have 26/27 hp.
The bat hits you. The bat hits you but does no damage.
The bat hits you but does no damage.
You take 1 damage, and have 25/27 hp.
The bat closely misses you.
The giant newt is distracted by the nearby gold.
Read which item? (? for menu, Esc to quit)
As you read the scroll of fog, it crumbles to dust.
The scroll dissolves into smoke.
The giant newt is no longer distracted by gold.
The bat hits you but does no damage. The ogre hits you with a giant club!!
Ouch! That really hurt!
You die...
Your body crumbles into a pile of gold.

....!........# #..
.............# #..
.......r)....# #..
.............# #..
........$....# #..
.............# #..
........l.§..# #..
########bO#### ### #@§#
#######§§#
......§§.########
................#
................# #####
................# #..(.
##..............# #.###
#........####### #....
#.....#........####..#.


You could see an ogre, a quokka, a bat and a giant newt (unaware).

Vanquished Creatures
  3 gnolls (D:2)
  2 adders
  An ooze (D:3)
  3 worms (D:2)
  5 bats
  4 giant cockroaches
  8 hobgoblins
  5 jackals
  3 ball pythons
  5 giant newts
  4 goblins
  5 kobolds
  7 rats
55 creatures vanquished.

Notes
Turn   | Place    | Note
--------------------------------------------------------------
     0 | D:1      | dpvblackbelt the Octopode Necromancer began the quest for the Orb.
     0 | D:1      | Reached XP level 1. HP: 11/11 MP: 3/3
   182 | D:1      | Reached XP level 2. HP: 10/17 MP: 0/5
  1532 | D:2      | Found an opulent altar of Gozag.
  1566 | D:2      | Reached XP level 3. HP: 21/21 MP: 6/6
  1571 | D:2      | Learned a level 3 spell: Vampiric Draining
  1964 | D:2      | Reached skill level 5 in Necromancy
  2156 | D:2      | HP: 2/21 [worm (9)]
  2446 | D:2      | Reached XP level 4. HP: 15/27 MP: 3/7
  3300 | D:2      | Found a glowing silver altar of Zin.
  3347 | D:2      | Became a worshipper of Gozag Ym Sagoz the Greedy
  3852 | D:3      | Reached skill level 6 in Necromancy
  4018 | D:3      | Found a faded altar to an unknown god.
  4109 | D:3      | Noticed an ogre
  4118 | D:3      | Slain by an ogre

Vault maps used:
D:1:      dpeg_arrival_stonehenge_12_columns, st_stairs_9, bh_walls_and_bars
D:2:      lemuel_coloured_pillars_altar,
          nicolae_gozag_cash_rules_everything_around_me
D:3:      ecumenical_altar_1

Action                   |  1- 3 |  4- 6 || total
-------------------------+-------+-------++-------
Melee: Unarmed           |    13 |       ||    13
       Spear             |    61 |    51 ||   112
 Cast: Pain              |     3 |     1 ||     4
       Vampiric Draining |     4 |    12 ||    16
  Use: Scroll            |       |     3 ||     3
 Stab: Sleeping          |    11 |     5 ||    16
  Eat: Chunk             |     4 |     4 ||     8
       Meat ration       |       |     1 ||     1

Vault maps used:
D:1:      dpeg_arrival_stonehenge_12_columns, st_stairs_9, bh_walls_and_bars
D:2:      lemuel_coloured_pillars_altar,
          nicolae_gozag_cash_rules_everything_around_me
D:3:      ecumenical_altar_1

Table legend:
 A = Turns spent in this place as a percentage of turns spent in the entire game.
 B = Non-inter-level travel turns spent in this place as a percentage of non-inter-level travel turns spent in the entire game.
 C = Inter-level travel turns spent in this place as a percentage of turns spent in this place.
 D = Turns resting spent in this place as a percentage of non-inter-level travel turns spent in this place.
 E = Turns spent auto-exploring this place as a percentage of non-inter-level travel turns spent in this place.
 F = Non-inter-level travel turns spent in this place divided by the number of levels of this place that you've seen.
                   A       B       C       D       E      F
               +-------+-------+-------+-------+-------+----------------------
         Total | 100.0 | 100.0 |   0.6 |   3.3 |   6.6 | 381.3
       Dungeon | 100.0 | 100.0 |   0.6 |   3.3 |   6.6 | 381.3
               +-------+-------+-------+-------+-------+----------------------

Table legend:
 A = Kills in this place as a percentage of kills in entire the game.
 B = Kills by you in this place as a percentage of kills by you in the entire game.
 C = Kills by friends in this place as a percentage of kills by friends in the entire game.
 D = Other kills in this place as a percentage of other kills in the entire game.
 E = Experience gained in this place as a percentage of experience gained in the entire game.
 F = Experience gained in this place divided by the number of levels of this place that you have seen.
                   A       B       C       D       E      F
               +-------+-------+-------+-------+-------+----------------------
         Total | 100.0 | 100.0 |  -nan |  -nan | 100.0 |  54.3
       Dungeon | 100.0 | 100.0 |  -nan |  -nan | 100.0 |  54.3
               +-------+-------+-------+-------+-------+----------------------
